 Dungeon Crawl Stone Soup version 0.31-a0-675-g238779eb0a (webtiles) character file.

Game seed: 2497810221079924652

51 Xavori the Trooper (level 4, 0/35 HPs)
             Began as a Djinni Chaos Knight on Sept 5, 2023.
             Was a Plaything of Xom.
             Slain by a cane toad (shapeshifter) (28 damage)
             ... on level 2 of the Dungeon.
             The game lasted 00:01:21 (1207 turns).

Xavori the Trooper (Djinni Chaos Knight)            Turns: 1207, Time: 00:01:22

Health: 0/35       AC:  7    Str:  7 (10) XL:     4   Next: 5%
Gold:   120        EV: 11    Int: 17 (18) God:    Xom [....*.] SH:  4 Dex: 10 (13)

rFire   + + .        a - +0 falchion (chaos)
rCold   x . .        (no shield)
rNeg    . . .        b - +2 leather armour
rPois   ∞            (no helmet)
rElec   .            (no cloak)
rCorr   .            (no gloves)
SInv    .            (boots unavailable)
Will    +....        (no amulet)
Stlth   +            l - +4 ring of slaying
HPRegen 0.25/turn    (no ring)
MPRegen 0.00/turn

%: infuse magic (-1 HP)
@: flying
A: sickness immunity, fire resistance 2, cold vulnerability 1, float, innate
caster, HP casting, extra vitality 1, iridescent scales 1, large bone plates 1,
clever 1, strong-willed 1, evolution 1
a: Renounce Religion


You were on level 2 of the Dungeon.
You worshipped Xom.
You were a beloved toy of Xom.
You visited 1 branch of the dungeon, and saw 2 of its levels.

You collected 120 gold pieces.

Inventory:

Hand Weapons
 a - a +0 falchion of chaos (weapon)
Armour
 b - a +2 leather armour (worn)
Jewellery
 l - a +4 ring of slaying (left hand)
 n - a +4 ring of protection
Scrolls
 c - a scroll of butterflies
 d - a scroll of immolation {unknown}
 e - a scroll of noise {unknown}
 g - a scroll of teleportation {unknown}
 h - a scroll of enchant weapon {unknown}
 i - a scroll of vulnerability {unknown}
 j - a scroll of identify {unknown}
 p - a scroll of blinking {unknown}
 r - a scroll of enchant armour {unknown}
Potions
 f - a potion of might {unknown}
 m - a potion of attraction {unknown}
 o - a potion of degeneration


   Skills:
 + Level 3.3 Fighting
 + Level 3.3 Long Blades
 + Level 1.4 Armour
 + Level 2.5 Dodging
 + Level 0.1 Shields
 * Level 0.5 Spellcasting
 * Level 0.5 Conjurations
 * Level 0.5 Hexes
 * Level 0.5 Summonings
 * Level 0.5 Necromancy
 * Level 0.5 Translocations
 * Level 0.5 Transmutations
 * Level 0.5 Fire Magic
 * Level 0.5 Ice Magic
 * Level 0.5 Air Magic
 * Level 0.5 Earth Magic
 * Level 0.5 Poison Magic


You knew the following spells:

 Your Spells              Type           Power      Damage    Failure   Level
a - Necrotise             Necr           8%         1d4       26%         1
Your spell library was empty.

Dungeon Overview and Level Annotations

Branches:
Dungeon (2/15)

Altars:
Xom


Innate Abilities, Weirdness & Mutations

You are immune to sickness and miasma.
You are immune to poison.
Your flesh is very heat resistant. (rF++)
You are vulnerable to cold. (rC-)
You float through the air rather than walking.
You learn spells naturally, not from books.
Your magical power is your life essence.
You have superior vitality. (+4 MHP)
You are partially covered in iridescent scales. (AC +2)
You are partially covered in large bone plates. (SH +4)
Your mind is acute. (Int +4, Str/Dex -1)
You are strong-willed. (Will+)
You have hidden genetic potential.


Message History

Unknown command.
You hit the endoplasm but do no damage.
The endoplasm is heavily wounded.
The endoplasm barely misses you.
The endoplasm hits the endoplasm.
Unknown command.
You catch the helpless endoplasm completely off-guard!
You slash the endoplasm!
You kill the endoplasm!
Xom's power touches on a nearby monster.
The endoplasm changes into a shapeshifter!
The shapeshifter changes into a cane toad!
No target in view!
No target in view!
You catch the helpless cane toad completely off-guard!
You slash the cane toad! You burn the cane toad.
The cane toad is moderately wounded.
The cane toad stings you!
You hit the cane toad.
The cane toad goes berserk!
The cane toad is moderately wounded.
The cane toad barely misses you. You block the cane toad's attack.
You barely miss the cane toad.
The cane toad is moderately wounded.
The cane toad stings you! x2
Okay, then.
Okay, then.
It was a potion of degeneration.
There was something very wrong with that liquid.
You feel weakened.
You feel dopey.
You feel clumsy.
Xom roars with laughter!
The cane toad closely misses you. The cane toad stings you.
* * * LOW HITPOINT WARNING * * *
It was a potion of heal wounds.
You feel much better. The cane toad misses you.
You aren't carrying any items that you can evoke.
Unknown command.
As you read the scroll labelled LAICZI MEHEANE, it crumbles to dust.
You assume a fearsome visage.
The cane toad is unaffected.
It was a scroll of fear.
The cane toad stings you. The cane toad stings you!!
Ouch! That really hurt!
You die...
Xom cackles wildly!

######.###.# ####
#.....# #.# #.# ##
.......## ..# #.
........# ## ###.
.....[... ########...
........# ###........#.
........####...######...
........#....######...#.
......F@............####
......†.#############
........# ........#
........# .......##
#.....# ######


You could see a cane toad shaped shifter (berserk).

Vanquished Creatures
  An adder (D:2)
  A dart slug (D:2)
  9 ball pythons
  4 endoplasms
  5 giant cockroaches
  6 hobgoblins
  2 quokkas
  2 bats (D:2)
  3 frilled lizards (D:1)
  3 kobolds
  3 rats
39 creatures vanquished.

Notes
Turn   | Place    | Note
-------+----------+-------------------------------------------
     0 | D:1      | Xavori the Djinni Chaos Knight began the quest for the Orb.
     0 | D:1      | Reached XP level 1. HP: 20/20 MP: 0/0
    17 | D:1      | XOM: silly message
    64 | D:1      | XOM: divination: detect creatures
   160 | D:1      | Reached XP level 2. HP: 24/25 MP: 0/0
   202 | D:1      | XOM: polymorph dart slug -> frilled lizard
   387 | D:1      | XOM: cloud trail
   396 | D:1      | XOM: scenery: create altars
   501 | D:1      | XOM: give mutations
   501 | D:1      | Gained mutation: You are partially covered in large bone
                  | plates. (SH +4) [Xom's grace]
   501 | D:1      | Gained mutation: You have hidden genetic potential. [Xom's
                  | grace]
   501 | D:1      | Gained mutation: Your mind is acute. (Int +4, Str/Dex -1)
                  | [Xom's grace]
   501 | D:1      | Gained mutation: You are strong-willed. (Will+) [Xom's
                  | grace]
   755 | D:1      | Reached XP level 3. HP: 30/30 MP: 0/0
   755 | D:1      | Learned a level 1 spell: Necrotise
  1018 | D:2      | Gained mutation: You are partially covered in iridescent
                  | scales. (AC +2) [hidden potential]
  1099 | D:2      | Reached XP level 4. HP: 35/35 MP: 0/0
  1201 | D:2      | an endoplasm changed into a shapeshifter
  1201 | D:2      | Noticed a shapeshifter (shapeshifter)
  1201 | D:2      | XOM: polymorph endoplasm -> shapeshifter
  1201 | D:2      | a shapeshifter changed into a cane toad
  1201 | D:2      | Noticed a cane toad (shapeshifter)
  1207 | D:2      | Slain by a cane toad (shapeshifter)

Illustrated notes

Levels and vault maps discovered:
D:1:      scummos_arrival_hexagon, layout_basic, minivault_14
D:2:      cheibrodos_old_hovel, layout_rooms,
          shapermc_ecumenical_altar_mp_urbaneastern, grunt_ministairs_5,
          uniq_robin

Skill      XL: |  1  2 |
---------------+-------+-----
Long Blades    | 3 |  3.3
Fighting       | |  3.3
Armour         | |  1.4
Dodging        | |  2.5
Shields        | |  0.1
Spellcasting   | |  0.5
Conjurations   | |  0.5
Hexes          | |  0.5
Summonings     | |  0.5
Necromancy     | |  0.5
Translocations | |  0.5
Transmutations | |  0.5
Fire Magic     | |  0.5
Ice Magic      | |  0.5
Air Magic      | |  0.5
Earth Magic    | |  0.5
Poison Magic   | |  0.5

Action                     |  1- 3 |  4- 6 || total
---------------------------+-------+-------++-------
  Melee: Falchion          |   103 |    14 ||   117
    Use: Potion            |       |     2 ||     2
         Scroll            |       |     1 ||     1
   Stab: Distracted        |       |     2 ||     2
 Armour: Leather armour    |    40 |    13 ||    53
  Dodge: Dodged            |    64 |    10 ||    74
  Block: Other             |    11 |     2 ||    13

Table legend: (Time is in decaauts)
 A = Elapsed time spent in this place.
 B = Non-inter-level travel time spent in this place.
 C = Inter-level travel time spent in this place.
 D = Time resting spent in this place.
 E = Time spent auto-exploring this place.
 F = Levels seen in this place.
 G = Mean time per level.
                   A        B        C        D        E       F      G
               +--------+--------+--------+--------+--------+-----+--------+
         Total |   1224 |   1188 |     36 |      0 |    920 |   2 |  612.0 |
       Dungeon |   1224 |   1188 |     36 |      0 |    920 |   2 |  612.0 |
               +--------+--------+--------+--------+--------+-----+--------+

Top non-repeatable levels by time:
     D:1: 902 daAuts
     D:2: 322 daAuts
